 Dungeon Crawl Stone Soup version 0.24.1-8-ga250c9d538 (webtiles) character file.

Game seed: 15514651635049601563, levelgen mode: deterministic

276 Peloso the Skirmisher (level 6, 47/48 HPs)
             Began as a Demonspawn Fighter on Apr 30, 2020.
             Got out of the dungeon alive.
             The game lasted 00:04:28 (2488 turns).

Peloso the Skirmisher (Demonspawn Fighter)          Turns: 2488, Time: 00:04:29

Health: 47/48      AC: 10    Str: 23    XL:     6   Next: 4%
Magic:  6/6        EV:  8    Int: 10    God:
Gold:   133        SH:  9    Dex: 12    Spells: 5/5 levels left

rFire    . . .     SeeInvis .   a - +0 long sword
rCold    . . .     Gourm    +   c - +0 shield
rNeg     . . .     Faith    .   n - +0 scale mail
rPois    .         Spirit   .   (no helmet)
rElec    .         Reflect  .   (no cloak)
rCorr    .         Harm     .   k - +0 pair of gloves
MR       .....                  (no boots)
Stlth    +.........             m - amulet of the gourmand
HPRegen  0.16/turn              g - +5 ring of strength
MPRegen  0.10/turn              (no ring)

@: no status effects
A: talons 1, thin metallic scales 1, nightstalker 1, rot immunity
a: no special abilities


You escaped.
You were very full.

You visited 1 branch of the dungeon, and saw 3 of its levels.

You collected 133 gold pieces.

Inventory:

Hand Weapons
 a - a +0 long sword (weapon)
 b - a +1 whip of flaming
Armour
 c - a +0 shield (worn)
 k - a +0 pair of gloves (worn)
 n - a +0 scale mail (worn)
Jewellery
 g - a +5 ring of strength (left hand)
 m - an amulet of the gourmand (around neck)
Scrolls
 e - a scroll of blinking {unknown}
 h - 3 scrolls of remove curse {unknown}
 i - 2 scrolls of identify {unknown}
 j - a scroll of teleportation {unknown}
 o - a scroll of fear {unknown}
 r - a scroll of immolation {unknown}
Potions
 d - 3 potions of might
 l - a potion of haste
 p - 2 potions of curing {unknown}
 q - 2 potions of brilliance {unknown}
Comestibles
 f - 7 rations


   Skills:
 + Level 3.8 Fighting
 + Level 3.7 Long Blades
 + Level 3.4 Armour
 + Level 1.7 Dodging
 + Level 3.5 Shields


You had 5 spell levels left.
You didn't know any spells.
Your spell library was empty.

Dungeon Overview and Level Annotations

Branches:
Dungeon (3/15)

Altars:
Hepliaklqana
Yredelemnul


Innate Abilities, Weirdness & Mutations

You have sharp toenails.
You are partially covered in thin metallic scales. (AC +2)
You are slightly more attuned to the shadows.
You are immune to rotting.


Message History

a jackal corpse x2
You see here a jackal corpse.
r - a scroll labeled IWAIXU MIARAIB
(D) Dungeon
Where to? (Enter - D:12, ? - help)
What level of the Dungeon? (default 1, ? - help)
You see here a jackal corpse.
Things that are here:
a jackal corpse x2
There is a stone staircase leading up here.
You climb upwards.
There is a stone staircase leading down here.
There is a stone staircase leading up here.
You climb upwards.
There is a stone staircase leading down here.
You see here 25 stones.
There is an open door here.
There is a staircase leading out of the dungeon here.
Are you sure you want to leave the Dungeon?
This will make you lose the game!
You have escaped!

# ###..+#≈≈≈##........#
#.).. #
##.#.....#......#.#
##### #.≈.....≈......#.#
# #.≈..⌠..≈..(...#.# #
#.#.....#..§§..#.# #
####≈≈≈###≈≈≈###.#
#......#..§§.#..# #
#......≈..⌠..≈..# #
#......≈..@..≈..# #
###......#.....#..# #
#####........##§§≈#'..#
#
........######........#
#
#####...##.########...#
# ######..........#.# #
############.###########
######### ##(##.........
####.......#
##...#.########


There were no monsters in sight!

Vanquished Creatures
  An orc priest (D:3)
  An orc wizard (D:3)
  A worker ant (D:2)
  4 gnolls (D:2)
  6 adders
  An ooze (D:1)
  2 worms (D:2)
  3 dart slugs
  3 leopard geckos
  6 orcs (D:3)
  3 giant cockroaches
  2 gnoll zombies (D:2)
  7 goblins
  6 hobgoblins
  9 jackals
  A ball python (D:3)
  4 bats
  3 frilled lizards
  10 kobolds
  8 rats
81 creatures vanquished.

Notes
Turn   | Place    | Note
-------+----------+-------------------------------------------
     0 | D:1      | Peloso the Demonspawn Fighter began the quest for the Orb.
     0 | D:1      | Reached XP level 1. HP: 18/18 MP: 1/1
   184 | D:1      | Gained mutation: You have sharp toenails. [demonic
                  | ancestry]
   184 | D:1      | Reached XP level 2. HP: 8/24 MP: 2/2
   701 | D:2      | Reached XP level 3. HP: 26/29 MP: 3/3
   789 | D:2      | Gained mutation: You are partially covered in thin metallic
                  | scales. (AC +2) [demonic ancestry]
   789 | D:2      | Reached XP level 4. HP: 15/35 MP: 4/4
  1176 | D:2      | Reached skill level 1 in Dodging
  1269 | D:2      | Gained mutation: You are immune to rotting. [demonic
                  | ancestry]
  1269 | D:2      | Reached XP level 5. HP: 41/41 MP: 5/5
  1455 | D:2      | Found a hazy altar of Hepliaklqana.
  1578 | D:2      | Found a basalt altar of Yredelemnul.
  2430 | D:3      | Gained mutation: You are slightly more attuned to the
                  | shadows. [demonic ancestry]
  2430 | D:3      | Reached XP level 6. HP: 40/48 MP: 6/6
  2488 | D:$      | Got out of the dungeon alive.

Levels and vault maps discovered:
D:1:      dpeg_arrival_rooms_with_view, layout_loops_ring
D:2:      layout_loops_cross, lemuel_zombie_altar_yredelemnul,
          lemuel_doored_altar
D:3:      layout_loops_cross, lemuel_round_altar

Skill      XL: |  1  2  3  4  5 |
---------------+----------------+-----
Long Blades    | 2 3 |  3.7
Shields        | 3 |  3.5
Armour         | 3 |  3.4
Dodging        | 1 |  1.7
Fighting       | |  3.8

Action                   |  1- 3 |  4- 6 || total
-------------------------+-------+-------++-------
Melee: Long sword        |    91 |   122 ||   213
       Kick              |    13 |    43 ||    56
  Use: Potion            |     5 |       ||     5
  Eat: Chunk             |       |    18 ||    18
Armor: Scale mail        |    43 |    77 ||   120
Dodge: Dodged            |    43 |    50 ||    93
Block: Shield            |    66 |    71 ||   137
       Rpst.: Long sword |    14 |    15 ||    29
